 Dungeon Crawl Stone Soup version 0.23-a0-143-g1adec7b (webtiles) character file.

30 Amnesiac the Vexing (level 3, -2/26 HPs)
             Began as a Mummy Arcane Marksman on Sept 2, 2018.
             Slain by a gnoll
             ... wielding a +0 spear
              (4 damage)
             ... on level 1 of the Dungeon.
             The game lasted 00:01:23 (1014 turns).

Amnesiac the Vexing (Mummy Arcane Marksman)         Turns: 1014, Time: 00:01:23

Health: -2/26      AC:  2    Str: 14    XL:     3   Next: 3%
Magic:  5/5        EV: 12    Int: 12    God:
Gold:   39         SH:  0    Dex: 12    Spells: 2/5 levels left

rFire    x . .     SeeInvis .   a - +0 hand crossbow
rCold    + . .     Gourm    .   (no shield)
rNeg     + + +     Faith    .   e - +0 robe
rPois    ∞         Spirit   .   (no helmet)
rElec    .         Reflect  .   (no cloak)
rCorr    .         Harm     .   (no gloves)
MR       .....                  (no boots)
Stlth    +.........             (no amulet)
HPRegen  0.08/turn              f - ring of wizardry
MPRegen  0.09/turn              (no ring)

@: no status effects
A: no food or potions, fire vulnerability, cold resistance 1, negative energy
resistance 3, torment resistance, unbreathing
a: no special abilities


You were on level 1 of the Dungeon.
You were not hungry.

You visited 1 branch of the dungeon, and saw 1 of its levels.

You collected 39 gold pieces.

Inventory:

Hand Weapons
 a - a +0 hand crossbow (weapon)
 b - a +0 hunting sling
Missiles
 d - 48 bolts (quivered)
 g - 33 stones
Armour
 e - a +0 robe (worn)
Jewellery
 f - a ring of wizardry (left hand)
Scrolls
 c - a scroll of amnesia {!r, unknown}


   Skills:
 + Level 1.6 Fighting
 * Level 2.3 Crossbows
 - Level 1.5 Dodging
 - Level 1.5 Spellcasting
 - Level 3.0 Hexes


You had 2 spell levels left.
You knew the following spells:

 Your Spells              Type           Power        Failure   Level  Hunger
a - Corona                Hex            #......      3%          1    N/A
e - Slow                  Hex            #.......     5%          2    N/A

Your spell library contained the following spells:

 Spells                   Type           Power        Failure   Level  Hunger
 Inner Flame              Hex/Fire       #.......     19%         3    N/A
 Portal Projectile        Hex/Tloc       #.....       19%         3    N/A
 Cause Fear               Hex            #.........   32%         4    N/A
 Leda's Liquefaction      Hex/Erth       #.........   50%         4    N/A

Dungeon Overview and Level Annotations

Branches:
Dungeon (1/15)

Altars:
The Shining One


Innate Abilities, Weirdness & Mutations

You do not eat or drink.
Your flesh is vulnerable to fire.
You are immune to poison.
Your flesh is cold resistant. (rC+)
You are immune to negative energy. (rN+++)
You are immune to unholy pain and torment.
You can survive without breathing.


Message History

You shoot a stone.
The stone hits the gnoll but does no damage.
The gnoll shouts!
Firing (i - inventory)
g - 34 stones (quivered)
Press: ? - help, Shift-Dir - straight line, f/p - gnoll
Aim: a gnoll, wielding a spear You shoot a stone.
The stone closely misses the gnoll.
a - a +0 hand crossbow (weapon)
Firing (i - inventory. (/) - cycle)
d - 56 bolts (quivered)
Press: ? - help, Shift-Dir - straight line, f/p - gnoll
Aim: a gnoll, wielding a spear You shoot a bolt.
The bolt hits the gnoll.
The gnoll is lightly wounded.
Firing (i - inventory. (/) - cycle)
d - 55 bolts (quivered)
Press: ? - help, Shift-Dir - straight line, f/p - gnoll
Aim: a gnoll, wielding a spear (lightly wounded)
You shoot a bolt. The bolt closely misses the gnoll.
The gnoll hits you from afar with a spear.
Unknown command.
Firing (i - inventory. (/) - cycle)
d - 54 bolts (quivered)
Press: ? - help, Shift-Dir - straight line, f/p - gnoll
Aim: a gnoll, wielding a spear (lightly wounded)
You shoot a bolt. The bolt barely misses the gnoll.
The gnoll hits you from afar with a spear.
The gnoll misses you.
Unknown command.
Firing (i - inventory. (/) - cycle)
d - 53 bolts (quivered)
Press: ? - help, Shift-Dir - straight line, f/p - gnoll
Aim: a gnoll, wielding a spear (lightly wounded)
You shoot a bolt. The bolt hits the gnoll!
The gnoll is almost dead.
The gnoll barely misses you.
Unknown command.
Firing (i - inventory. (/) - cycle)
d - 52 bolts (quivered)
Press: ? - help, Shift-Dir - straight line, f/p - gnoll
Aim: a gnoll, wielding a spear (almost dead)
You shoot a bolt. The bolt barely misses the gnoll.
The gnoll barely misses you.
The gnoll hits you from afar with a spear.
Unknown command.
Firing (i - inventory. (/) - cycle)
d - 51 bolts (quivered)
Press: ? - help, Shift-Dir - straight line, f/p - gnoll
Aim: a gnoll, wielding a spear (almost dead)
You shoot a bolt. The bolt completely misses the gnoll.
The gnoll hits you from afar with a spear.
* * * LOW HITPOINT WARNING * * *
Unknown command.
Firing (i - inventory. (/) - cycle)
d - 50 bolts (quivered)
Press: ? - help, Shift-Dir - straight line, f/p - gnoll
Aim: a gnoll, wielding a spear (almost dead)
You shoot a bolt.
The bolt hits the gnoll but does no damage.
The gnoll is almost dead.
The gnoll hits you from afar with a spear.
* * * LOW HITPOINT WARNING * * *
Unknown command.
Firing (i - inventory. (/) - cycle)
d - 49 bolts (quivered)
Press: ? - help, Shift-Dir - straight line, f/p - gnoll
Aim: a gnoll, wielding a spear (almost dead)
You shoot a bolt. The bolt barely misses the gnoll.
The gnoll hits you from afar with a spear.
* * * LOW HITPOINT WARNING * * *
The gnoll hits you from afar with a spear.
You die...

....#..........#...............#
.<.....#..#....##..............#
#################......).......#
####..............#
..##.############# #####.##.#
############ #......#÷#
#........... #......#.#
#...........
#.....@..###...........
#.....#..#.............
#....g#.÷..##..........
#..).(#....##..........
#.....##...##.......... #.....
#...###.......%. #....( ##..#
##........ #.(.(. #..# #..######
#..# #..#


You could see a gnoll.

Vanquished Creatures
  A ball python (D:1)
  A giant cockroach (D:1)
  8 hobgoblins (D:1)
  3 kobolds (D:1)
  4 bats (D:1)
  A frilled lizard (D:1)
  4 goblins (D:1)
  6 rats (D:1)
28 creatures vanquished.

Notes
Turn   | Place    | Note
-------+----------+-------------------------------------------
     0 | D:1      | Amnesiac the Mummy Arcane Marksman began the quest for the
                  | Orb.
     0 | D:1      | Reached XP level 1. HP: 15/15 MP: 2/2
    35 | D:1      | Found a glowing golden altar of the Shining One.
   168 | D:1      | Reached XP level 2. HP: 16/21 MP: 4/4
   659 | D:1      | Learned a level 2 spell: Slow
   663 | D:1      | Reached skill level 3 in Hexes
   926 | D:1      | Reached XP level 3. HP: 26/26 MP: 5/5
  1014 | D:1      | Slain by a gnoll

Vault maps used:
D:1:      dpeg_arrival_ternary, tso_altar

Skill      XL: |  1  2 |
---------------+-------+-----
Crossbows      | 2 |  2.3
Hexes          | 3 |  3.0
Fighting       | |  1.6
Dodging        | |  1.5
Spellcasting   | |  1.5

Action                   || total
-------------------------++-------
Melee: Hand axe          ||    77
 Fire: Hand crossbow     ||    27
       Hunting sling     ||     2
 Cast: Slow              ||     4
Armor: Robe              ||    21
Dodge: Dodged            ||    74

Table legend:
 A = Non-vault XP
 B = Vault XP
 C = Vault XP percentage of total XP
 D = Non-vault monster count
 E = Vault monster count
 F = Vault count percentage of total count
                 A         B        C        D         E       F
            +---------+---------+-------+---------+---------+-------
      Total |      43 |       0 |   0.0 |      28 |       0 |   0.0
            +---------+---------+-------+---------+---------+-------
        D:1 |      43 |       0 |   0.0 |      28 |       0 |   0.0
            +---------+---------+-------+---------+---------+-------
